 Dungeon Sprint DCSS version 0.22-a0-389-g8519d86 (webtiles) character file.

417 Kidiri the Thaumaturge (level 6, -5/36 HPs)
             Began as a Deep Elf Fire Elementalist on Apr 30, 2018.
             Was a Believer of Vehumet.
             Killed from afar by an efreet (27 damage)
             ... with a fireball
             ... in the Dungeon (Sprint IX: "|||||||||||||||||||||||||||||").
             The game lasted 00:03:32 (627 turns).

Kidiri the Thaumaturge (Deep Elf Fire Elementalist)  Turns: 627, Time: 00:03:33

Health: -5/36      AC:  6    Str:  5    XL:     6   Next: 61%
Magic:  22/22      EV: 15    Int: 24    God:    Vehumet [**....]
Gold:   0          SH:  0    Dex: 15    Spells: 10/28 levels left

rFire    . . .     SeeInvis .   l - +2 halberd "Dufeijia" {chop, rPois MR++ Int+2 Dex-3}
rCold    . . .     Gourm    .   (shield currently unavailable)
rNeg     . . .     Faith    .   a - +0 robe
rPois    +         Spirit   .   (no helmet)
rElec    .         Reflect  .   n - +0 cloak
rCorr    .         Harm     .   m - +0 pair of gloves
MR       ++...     NoTele   +   (no boots)
Stlth    ++........             (no amulet)
HPRegen  0.12/turn              p - +2 ring of protection
MPRegen  0.18/turn              q - +3 ring of dexterity

@: very slightly contaminated, invisible
A: no striking features
a: Renounce Religion


You were in the Dungeon.
You worshipped Vehumet.
Vehumet was pleased with you.
You were not hungry.

You visited 1 branch

Inventory:

Hand Weapons
 l - the +2 halberd "Dufeijia" (weapon) {chop, rPois MR++ Int+2 Dex-3}
   (You found it in the Dungeon)

   It inflicts extra damage upon your enemies.
   It affects your intelligence (+2).
   It affects your dexterity (-3).
   It protects you from poison.
   It affects your resistance to hostile enchantments.
Armour
 a - a +0 robe (worn)
 m - a +0 pair of gloves (worn)
 n - a +0 cloak (worn)
 o - a +2 ring mail
Jewellery
 p - a +2 ring of protection (left hand)
 q - a +3 ring of dexterity (right hand)
Wands
 k - a wand of iceblast (10)
Scrolls
 h - 3 scrolls of remove curse
 i - 2 scrolls of blinking
 j - 2 scrolls of amnesia
Potions
 d - 5 potions of curing
 e - 2 potions of heal wounds
 f - a potion of haste
 g - 4 potions of magic
Comestibles
 c - a ration
 r - 4 chunks of flesh


   Skills:
 + Level 2.4 Fighting
 + Level 2.2 Polearms
 + Level 2.4 Armour
 + Level 4.8 Dodging
 - Level 2.4 Stealth
 * Level 11.7 Spellcasting
 + Level 6.8 Conjurations
 + Level 7.6 Fire Magic


You had 10 spell levels left.
You knew the following spells:

 Your Spells              Type           Power        Failure   Level  Hunger
a - Flame Tongue          Conj/Fire      #####        1%          1    None
b - Throw Flame           Conj/Fire      #####.       1%          2    None
c - Conjure Flame         Conj/Fire      #####...     1%          3    None
d - Inner Flame           Hex/Fire       ####....     2%          3    None
e - Sticky Flame          Conj/Fire      #####...     2%          4    None
f - Fireball              Conj/Fire      #####.....   6%          5    ###....


Dungeon Overview and Level Annotations

Branches:
Dungeon (1/1)

Altars:
Cheibriados
Dithmenos
Elyvilon
Fedhas
Gozag
Hepliaklqana
Kikubaaqudgha
Makhleb
Nemelex Xobeh
Okawaru
Qazlal
Ru
Sif Muna
Trog
Uskayaw
Vehumet
Wu Jian
Xom
Yredelemnul
Zin
The Shining One
Beogh
Jiyva
Lugonu


Message History

The efreet is wielding a scimitar of flaming.
The two-headed ogre shouts in stereo!
The orc warrior shouts!
The efreet barely misses you.
There is an open door here.
Unknown command.
The efreet gestures at you.
The fireball explodes!
The fireball engulfs you!
Okay, then.
Press: ? - help, v - describe, . - travel
Here: an efreet, wielding a scimitar of flaming An open door.
You fade into invisibility!
You are very lightly contaminated with residual magic.
You catch the helpless efreet completely off-guard!
You hit the efreet but do no damage. The efreet gestures at you.
The fireball explodes!
The fireball engulfs you!
Ouch! That really hurt!
You die... ▓▓▓▓▓▓▓▓▓▓▓▓▓▓▓▓▓▓▓▓▓▓▓▓▓▓ _'..|).....')(..@R§§oZOyZ+ ▓▓▓▓▓▓▓▓▓▓▓▓▓▓▓▓▓▓▓▓▓▓▓▓▓▓

You could see a two-headed ogre, an efreet, an orc warrior, a killer bee and a bat skeleton.

Vanquished Creatures
  A hungry ghost (D)
  A necrophage (D)
  A big kobold (D)
  A crimson imp (D)
  An iguana (D)
  A worker ant (D)
  An orc wizard (D)
  2 adder zombies (D)
  A worm (D)
  A dart slug (D)
  A leopard gecko (D)
  A bat (D)
  2 frilled lizards (D)
  A quokka zombie (D)
16 creatures vanquished.

Notes
Turn   | Place    | Note
-------+----------+-------------------------------------------
     0 | D        | Kidiri the Deep Elf Fire Elementalist began the quest for the Orb.
     0 | D        | Reached XP level 1. HP: 10/10 MP: 6/6
     8 | D        | Reached skill level 4 in Spellcasting
   101 | D        | Noticed a worker ant
   101 | D        | Noticed a necrophage
   101 | D        | Noticed a crimson imp
   104 | D        | Killed a worker ant
   104 | D        | Reached skill level 6 in Spellcasting
   104 | D        | Reached XP level 2. HP: 15/15 MP: 5/11
   104 | D        | Reached XP level 3. HP: 19/19 MP: 5/13
   110 | D        | Killed a necrophage
   110 | D        | Reached skill level 9 in Spellcasting
   110 | D        | Reached skill level 5 in Conjurations
   110 | D        | Reached XP level 4. HP: 24/24 MP: 1/17
   220 | D        | Learned a level 2 spell: Throw Flame
   224 | D        | Learned a level 3 spell: Conjure Flame
   228 | D        | Learned a level 3 spell: Inner Flame
   233 | D        | Learned a level 4 spell: Sticky Flame
   392 | D        | Reached skill level 10 in Spellcasting
   392 | D        | Reached XP level 5. HP: 28/28 MP: 17/19
   408 | D        | Found a roughly hewn altar of Beogh.
   408 | D        | Found a snail-covered altar of Cheibriados.
   408 | D        | Found a shadowy altar of Dithmenos.
   408 | D        | Found a white marble altar of Elyvilon.
   408 | D        | Found a blossoming altar of Fedhas.
   408 | D        | Found an opulent altar of Gozag.
   409 | D        | Found a hazy altar of Hepliaklqana.
   410 | D        | Found a viscous altar of Jiyva.
   411 | D        | Found an ancient bone altar of Kikubaaqudgha.
   412 | D        | Found a corrupted altar of Lugonu.
   413 | D        | Found a burning altar of Makhleb.
   414 | D        | Found a sparkling altar of Nemelex Xobeh.
   415 | D        | Found an iron altar of Okawaru.
   416 | D        | Found a stormy altar of Qazlal.
   417 | D        | Found a sacrificial altar of Ru.
   418 | D        | Found a deep blue altar of Sif Muna.
   419 | D        | Found a bloodstained altar of Trog.
   420 | D        | Found a hide-covered altar of Uskayaw.
   421 | D        | Found a radiant altar of Vehumet.
   422 | D        | Found an ornate altar of the Wu Jian Council.
   423 | D        | Found a shimmering altar of Xom.
   424 | D        | Found a basalt altar of Yredelemnul.
   425 | D        | Found a glowing silver altar of Zin.
   426 | D        | Found a glowing golden altar of the Shining One.
   429 | D        | Became a worshipper of Vehumet
   436 | D        | Learned a level 5 spell: Fireball
   450 | D        | Got the +2 halberd "Dufeijia" {chop, rPois MR++ Int+2 Dex-3}
   494 | D        | Noticed a hungry ghost
   499 | D        | Reached skill level 1 in Fighting
   499 | D        | Reached skill level 1 in Polearms
   499 | D        | Reached skill level 1 in Armour
   500 | D        | Killed a hungry ghost
   500 | D        | Reached * piety under Vehumet
   500 | D        | Offered knowledge of Sandblast by Vehumet.
   500 | D        | Reached skill level 11 in Spellcasting
   500 | D        | Reached XP level 6. HP: 35/35 MP: 3/22
   508 | D        | Reached ** piety under Vehumet
   622 | D        | Noticed an efreet
   622 | D        | Noticed an orc warrior
   622 | D        | Noticed a two-headed ogre
   627 | D        | Killed from afar by an efreet

Vault maps used:
D:        linesprint

Skill      XL: |  1  2  3  4  5 |
---------------+----------------+-----
Spellcasting   | 6 9 10 11 | 11.7
Conjurations   | 3 5 6 |  6.8
Fire Magic     | 4 6 7 |  7.6
Fighting       | 2 |  2.4
Polearms       | 2 |  2.2
Armour         | 2 |  2.4
Dodging        | 4 |  4.8
Stealth        | |  2.4

Action                   |  1- 3 |  4- 6 || total
-------------------------+-------+-------++-------
Melee: Unarmed           |    10 |    21 ||    31
       Halberd           |       |     3 ||     3
 Cast: Flame Tongue      |    15 |    11 ||    26
       Throw Flame       |       |     2 ||     2
       Fireball          |       |     3 ||     3
       Conjure Flame     |       |     1 ||     1
  Use: Potion            |     1 |     2 ||     3
 Stab: Distracted        |       |     1 ||     1
       Invisible         |       |     1 ||     1
Armor: Robe              |     1 |     2 ||     3
Dodge: Dodged            |    15 |     9 ||    24

Table legend:
 A = Spawn XP
 B = Non-spawn XP
 C = Spawn XP percentage of total XP
 D = Spawn monster count
 E = Non-spawn monster count
 F = Spawn count percentage of total count
 G = Total turns spent on level
                    A         B        C        D         E        F      G
               +---------+---------+-------+---------+---------+-------+---------
         Total |       0 |     597 |   0.0 |       0 |      16 |   0.0 |   627
               +---------+---------+-------+---------+---------+-------+---------
             D |       0 |     597 |   0.0 |       0 |      16 |   0.0 |   627
               +---------+---------+-------+---------+---------+-------+---------
